 Dungeon Crawl Stone Soup version 0.29-a0-25-g7f48f510a0 (webtiles) character file.

Game seed: 18192224461778036014

28 testman the Digger (level 3, -3/19 HPs)
             Began as a Gargoyle Earth Elementalist on Jan 31, 2022.
             Slain by Terence (4 damage)
             ... on level 2 of the Dungeon.
             The game lasted 00:05:10 (1805 turns).

testman the Digger (Gargoyle Earth Elementalist)    Turns: 1805, Time: 00:05:11

Health: -3/19      AC:  5    Str: 11    XL:     3   Next: 14%
Magic:  1/6        EV: 11    Int: 23    God:
Gold:   28         SH:  0    Dex: 10    Spells: 0/6 levels left

rFire   . . .      SeeInvis +   k - +2 hand axe of Triumph {elec, Int+6}
rCold   . . .      Faith    .   (no shield)
rNeg    + . .      Spirit   .   b - +0 robe
rPois   ∞          Reflect  .   (no helmet)
rElec   +          Harm     .   (no cloak)
rCorr   +          Rampage  .   (no gloves)
Will    .....                   (no boots)
Stlth   ++........              (no amulet)
HPRegen 0.06/turn               a - ring of see invisible
MPRegen 0.10/turn               f - ring of resist corrosion

@: no status effects
A: sickness immunity, AC +3, negative energy resistance 1, electricity
resistance, torment resistance 1, petrification resistance
a: no special abilities


You were on level 2 of the Dungeon.
You visited 1 branch of the dungeon, and saw 2 of its levels.

You collected 28 gold pieces.

Inventory:

Hand Weapons
 d - a +0 dagger
 k - the +2 hand axe of Triumph (weapon) {elec, Int+6}
   (You found it on level 2 of the Dungeon)

   It occasionally discharges a powerful burst of electricity upon striking a
   foe.
   Int:       It affects your intelligence (+6).
Missiles
 c - 26 stones
Armour
 b - a +0 robe (worn)
Jewellery
 a - a ring of see invisible (left hand)
 f - a ring of resist corrosion (right hand)
 j - a ring of flight
Scrolls
 e - a scroll of enchant armour {unknown}
 g - 2 scrolls of fear {unknown}
 h - a scroll of enchant weapon {unknown}
 i - a scroll of vulnerability {unknown}
Potions
 l - a potion of degeneration {unknown}


   Skills:
 - Level 1.5 Dodging
 - Level 2.1 Stealth
 - Level 2.0 Spellcasting
 - Level 1.0 Transmutations
 + Level 5.0 Earth Magic


You couldn't memorise any spells.
You knew the following spells:

 Your Spells              Type           Power      Damage    Failure   Level
a - Sandblast             Erth           50%        2d12      1%          1
b - Passwall              Tmut/Erth      13%        N/A       5%          2
c - Stone Arrow           Conj/Erth      26%        3d8       14%         3

Your spell library contained the following spells:

 Spells                   Type           Power      Damage    Failure   Level
 Petrify                  Tmut/Erth      16%        N/A       36%         4


Dungeon Overview and Level Annotations

Branches:
Dungeon (2/15)

Altars:

Annotations:
D:2 Terence


Innate Abilities, Weirdness & Mutations

You are immune to sickness and miasma.
Your stone body is resilient. (AC +3)
You are immune to poison.
You resist negative energy. (rN+)
You are resistant to electric shocks. (rElec)
You are resistant to unholy torment.
You are immune to petrification.


Message History

This spell is extremely dangerous to cast!
Memorise Stone Arrow, consuming 3 spell levels and leaving 0?
You start memorising the spell.
You continue memorising. x3
You finish memorising.
Spell assigned to 'c'.
You climb downwards.
Level annotation: Terence
There is a stone staircase leading up here.
Aiming: Sandblast (safe; 1% risk of failure)
Press: ? - help, Q - select action, (/) - cycle Shift-Dir - straight line, f - Terence
Aim: Terence, wielding a +1 trident of freezing, wearing a +0 scale mail and carrying a wand of flame (13) (83% to hit)
The blast of sand hits Terence.
Terence is lightly wounded.
Aiming: Sandblast (safe; 1% risk of failure)
Press: ? - help, Q - select action, (/) - cycle Shift-Dir - straight line, f/p - Terence
Aim: Terence, wielding a +1 trident of freezing, wearing a +0 scale mail and carrying a wand of flame (13) (lightly wounded, 83% to hit)
The blast of sand hits Terence!
Terence is heavily wounded.
Terence hits you from afar with a +1 trident of freezing.
Terence freezes you.
Aiming: Sandblast (safe; 1% risk of failure)
Press: ? - help, Q - select action, (/) - cycle Shift-Dir - straight line, f/p - Terence
Aim: Terence, wielding a +1 trident of freezing, wearing a +0 scale mail and carrying a wand of flame (13) (heavily wounded, 83% to hit)
The blast of sand hits Terence but does no damage.
Terence is heavily wounded.
Terence zaps a wand.
The puff of flame hits you!
Ouch! That really hurt!
Aiming: Sandblast (safe; 1% risk of failure)
Press: ? - help, Q - select action, (/) - cycle Shift-Dir - straight line, f/p - Terence
Aim: Terence, wielding a +1 trident of freezing, wearing a +0 scale mail and carrying a wand of flame (12) (heavily wounded, 83% to hit)
The blast of sand hits Terence but does no damage.
Terence is heavily wounded.
Terence zaps a wand.
The puff of flame hits you.
* * * LOW HITPOINT WARNING * * *
Aiming: Sandblast (safe; 1% risk of failure)
Press: ? - help, Q - select action, (/) - cycle Shift-Dir - straight line, f/p - Terence
Aim: Terence, wielding a +1 trident of freezing, wearing a +0 scale mail and carrying a wand of flame (11) (heavily wounded, 83% to hit)
The blast of sand hits Terence.
Terence is severely wounded.
Terence hits you from afar with a +1 trident of freezing.
You die...

........ ..#.......
........## #.........
..........##..@..S#
....... #..#)...).#
....... #........#
##...###.#).....# ##.
##......#†.$.#
#####<.##.....####...#
.......@.@......# ...#
####.###..#..##.......#
.>......##.## ###..#...
.(..##.....# ..... .?
#...### #### #...#
#...# #...# #..>#


You could see Terence.

Vanquished Creatures
  2 dart slugs
  5 ball pythons (D:1)
  3 endoplasms
  A giant cockroach (D:1)
  A goblin (D:1)
  2 bats
  5 frilled lizards
  5 kobolds
  4 rats (D:1)
28 creatures vanquished.

Notes
Turn   | Place    | Note
-------+----------+-------------------------------------------
     0 | D:1      | testman the Gargoyle Earth Elementalist began the quest for
                  | the Orb.
     0 | D:1      | Reached XP level 1. HP: 10/10 MP: 3/3
    96 | D:1      | Reached skill level 4 in Earth Magic
   202 | D:1      | Reached XP level 2. HP: 15/15 MP: 5/5
   604 | D:1      | Learned a level 2 spell: Passwall
  1009 | D:1      | Reached skill level 1 in Transmutations
  1477 | D:2      | Identified the +2 hand axe of Triumph {elec, Int+6}
  1491 | D:2      | Reached XP level 3. HP: 19/19 MP: 6/6
  1497 | D:2      | Reached skill level 5 in Earth Magic
  1508 | D:2      | Noticed Terence
  1799 | D:1      | Learned a level 3 spell: Stone Arrow
  1805 | D:2      | Slain by Terence

Illustrated notes

Levels and vault maps discovered:
D:1:      lordsloth_arrival_two_stooges, layout_basic
D:2:      layout_rooms, basic_altar, serial_bayou_pond_e, uniq_terence

Skill      XL: |  1  2  3 |
---------------+----------+-----
Earth Magic    | 4 5 |  5.0
Transmutations | 1 |  1.0
Dodging        | |  1.5
Stealth        | |  2.1
Spellcasting   | |  2.0

Action                   || total
-------------------------++-------
Melee: Dagger            ||    66
       Unarmed           ||     1
       Hand axe          ||    11
 Cast: Sandblast         ||    15
       Passwall          ||     1
 Stab: Sleeping          ||     3
Armor: Robe              ||    26
Dodge: Dodged            ||    51

Table legend: (Time is in decaauts)
 A = Elapsed time spent in this place.
 B = Non-inter-level travel time spent in this place.
 C = Inter-level travel time spent in this place.
 D = Time resting spent in this place.
 E = Time spent auto-exploring this place.
 F = Levels seen in this place.
 G = Mean time per level.
                   A        B        C        D        E       F      G
               +--------+--------+--------+--------+--------+-----+--------+
         Total |   1807 |   1766 |     41 |    559 |    949 |   2 |  903.5 |
       Dungeon |   1807 |   1766 |     41 |    559 |    949 |   2 |  903.5 |
               +--------+--------+--------+--------+--------+-----+--------+

Top non-repeatable levels by time:
     D:1: 1741 daAuts
     D:2: 65 daAuts
